 Dungeon Crawl Stone Soup version 0.26-a0-542-gbaa144ba5c (webtiles) character file.

Game seed: 17268383610212543340

3367 Aksej the Cleaver (level 9, -13/66 HPs)
             Began as a Demonspawn Gladiator on Aug 17, 2020.
             Mangled by a death knight
             ... wielding a +2 glaive
              (23 damage)
             ... on level 11 of the Dungeon.
             The game lasted 00:22:05 (9397 turns).

Aksej the Cleaver (Demonspawn Gladiator)            Turns: 9397, Time: 00:22:06

Health: -13/66     AC: 21    Str: 14    XL:     9   Next: 73%
Magic:  9/9        EV: 13    Int:  9    God:
Gold:   568        SH:  0    Dex: 19    Spells: 8/8 levels left

rFire    . . .     SeeInvis .   a - +4 battleaxe
rCold    . . .     Faith    .   (shield currently unavailable)
rNeg     . . .     Spirit   .   u - +4 ring mail
rPois    .         Reflect  .   c - +0 helmet
rElec    .         Harm     .   (no cloak)
rCorr    .                      (no gloves)
MR       .....                  i - +0 pair of boots
Stlth    +.........             (no amulet)
HPRegen  1.21/turn              (no ring)
MPRegen  0.11/turn              (no ring)

@: marked, sanguine armour
A: demonic guardian 2, powered by death 1, sanguine armour 2
a: no special abilities


You were on level 11 of the Dungeon.
You visited 2 branches of the dungeon, and saw 11 of its levels.

You collected 568 gold pieces.

Inventory:

Hand Weapons
 a - a +4 battleaxe (weapon)
Missiles
 l - 6 boomerangs (quivered)
Armour
 c - a +0 helmet (worn)
 i - a +0 pair of boots (worn)
 u - a +4 ring mail (worn)
Jewellery
 f - an uncursed ring of wizardry
Wands
 p - a wand of flame (8)
 s - a wand of acid (11)
Scrolls
 d - 7 scrolls of fog
 g - 4 scrolls of remove curse
 h - a scroll of enchant weapon
 j - 3 scrolls of teleportation
 r - a scroll of amnesia
Potions
 b - a potion of berserk rage
 e - 2 potions of curing
 k - 2 potions of flight
 n - a potion of might
 o - 4 potions of stabbing
 q - a potion of heal wounds
 t - a potion of ambrosia


   Skills:
 + Level 4.6 Fighting
 * Level 10.7 Axes
 + Level 3.5 Throwing
 + Level 3.3 Armour
 + Level 4.4 Dodging


You had 8 spell levels left.
You didn't know any spells.
Your spell library contained the following spells:

 Spells                   Type           Power        Failure   Level
 Shock                    Conj/Air       #...         63%         1
 Swiftness                Air            #.......     77%         2
 Static Discharge         Conj/Air       #.......     94%         3
 Airstrike                Air            #.........   100%        4
 Lightning Bolt           Conj/Air       #.........   100%        5


Dungeon Overview and Level Annotations

Branches:
Dungeon (9/15)             Temple (1/1) D:6            Lair (0/6) D:9
    Orc: D:9-12

Altars:
Ashenzari
Cheibriados
Elyvilon
Fedhas
Gozag
Hepliaklqana
Kikubaaqudgha
Makhleb
Nemelex Xobeh
Okawaru
Qazlal
Sif Muna
Uskayaw
Vehumet
Xom
Yredelemnul
Zin
The Shining One

Shops:
D:6 *:*:   D:7 (*[   D:9 (


Innate Abilities, Weirdness & Mutations

A demonic guardian rushes to your aid.
You regenerate a little health from kills.
When seriously injured, your bleeding wounds create thick armour. (AC +9)


Message History

You kill the orc wizard!
You feel less confused. The orc warrior barely misses you.
The death knight hits you from afar with a +2 glaive!!
Your blood congeals into armour.
A wight comes into view. It is wielding a +0 trident.
The troll bites you but does no damage. The troll closely misses you.
The troll claws you but does no damage.
Your ice devil hits the orc warrior.
Your ice devil freezes the orc warrior!!
You closely miss the troll.
The death knight's dark mirror aura disappears.
The orc warrior hits you but does no damage.
The troll bites you but does no damage. The troll claws you. x2
Your ice devil closely misses the death knight.
You barely miss the troll. The troll closely misses you. x3
The orc warrior hits you from afar with a +0 halberd!
* * * LOW HITPOINT WARNING * * *
An ice beast comes into view.
The death knight hits you from afar with a +2 glaive!!
You die...

#..# #..#
#..# ###
.# #..#
..### .#
#o.
#...###
#.# #o##
###...##
..# #op#
###..###.#
#.4#
##..#..#
#@.#
##...##
#T.#
##...##
#))#
##...##
#z##
##...###.#
##...#Y.#
##....##
######


You could see a death knight, a troll, an orc warrior, an ice beast, a wight, 2
orcs and a friendly ice devil (summoned).

Vanquished Creatures
  A yak (D:9)
  2 orc warriors
  An ice beast (D:7)
  A sky beast (D:8)
  3 ogres
  A centaur (D:7)
  2 bullfrogs (D:8)
  2 scorpions
  A killer bee (D:7)
  3 wights (D:8)
  A howler monkey (D:8)
  2 bullfrog skeletons
  A bullfrog zombie (D:8)
  A quasit (D:7)
  4 orc priests
  A hound (D:4)
  2 iguanas
  7 orc wizards
  6 worker ants
  2 hound skeletons (D:7)
  A worker ant zombie (D:8)
  A howler monkey skeleton (D:6)
  9 adders
  5 gnolls
  A shadow imp (D:8)
  A white imp (D:7)
  An ooze (D:3)
  An adder skeleton (D:5)
  4 worms
  2 dart slugs (D:2)
  2 leopard geckos
  29 orcs
  5 giant cockroaches
  5 hobgoblins
  4 jackals
  3 quokkas
  3 ball pythons
  4 bats
  5 frilled lizards
  9 goblins
  12 kobolds
  2 leopard gecko skeletons
  5 rats
158 creatures vanquished.

Vanquished Creatures (collateral kills)
  Psyche (D:8)
  A hippogriff (D:8)
  4 yaks (D:9)
  A water moccasin (D:9)
  An ogre (D:5)
  A bullfrog (D:6)
  A killer bee (D:7)
  3 hounds
  An orc priest (D:7)
  A centaur skeleton (D:7)
  2 orc wizards
  Jessica (D:3)
  5 orcs
  A kobold (D:3)
  A quokka (D:8)
  A rat (D:3)
26 creatures vanquished.

Grand Total: 184 creatures vanquished

Notes
Turn   | Place    | Note
-------+----------+-------------------------------------------
     0 | D:1      | Aksej the Demonspawn Gladiator began the quest for the Orb.
     0 | D:1      | Reached XP level 1. HP: 16/16 MP: 1/1
   233 | D:1      | Gained mutation: A weak demonic guardian rushes to your
                  | aid. [demonic ancestry]
   233 | D:1      | Reached XP level 2. HP: 13/22 MP: 2/2
   721 | D:1      | Reached skill level 3 in Axes
   984 | D:2      | Found a radiant altar of Vehumet.
   987 | D:2      | Found a burning altar of Makhleb.
  1346 | D:2      | Reached XP level 3. HP: 22/27 MP: 3/3
  2003 | D:3      | Reached skill level 1 in Armour
  2003 | D:3      | Gained mutation: When seriously injured, your bleeding
                  | wounds create armour. (AC +9) [demonic ancestry]
  2003 | D:3      | Reached XP level 4. HP: 27/34 MP: 4/4
  2086 | D:3      | Noticed Jessica
  2090 | D:3      | Killed Jessica
  2122 | D:3      | Reached skill level 4 in Axes
  2264 | D:3      | Gained mutation: When seriously injured, your bleeding
                  | wounds create thick armour. (AC +9) [demonic ancestry]
  2264 | D:3      | Reached XP level 5. HP: 15/39 MP: 5/5
  2526 | D:3      | Found a faded altar of an unknown god.
  2890 | D:3      | Reached skill level 5 in Axes
  3049 | D:4      | Noticed an ogre
  3054 | D:4      | Killed an ogre
  3054 | D:4      | Gained mutation: You regenerate a little health from kills.
                  | [demonic ancestry]
  3054 | D:4      | Reached XP level 6. HP: 46/46 MP: 6/6
  3690 | D:4      | Reached skill level 6 in Axes
  3690 | D:4      | Reached XP level 7. HP: 24/51 MP: 7/7
  3962 | D:4      | You fall into a shaft and drop 3 floors!
  4268 | D:7      | Found Qiod's Armour Shop.
  4310 | D:7      | Found Egusaj's Assorted Antiques.
  4745 | D:6      | Found Sagenwah's General Store.
  4822 | D:5      | Entered Level 5 of the Dungeon
  4933 | D:4      | Found a shattered altar of Ashenzari.
  5280 | D:5      | Reached skill level 7 in Axes
  5805 | D:6      | Found Ihuexeri's Book Boutique.
  5835 | D:6      | Found Heaqaami's General Store.
  5898 | D:6      | Reached XP level 8. HP: 51/58 MP: 8/8
  5984 | D:6      | Found a staircase to the Ecumenical Temple.
  5993 | Temple   | Entered the Ecumenical Temple
  6083 | D:6      | Found a white marble altar of Elyvilon.
  6251 | D:6      | Found a sparkling altar of Nemelex Xobeh.
  6254 | D:6      | Found a snail-covered altar of Cheibriados.
  6257 | D:6      | Found an ancient bone altar of Kikubaaqudgha.
  6441 | D:6      | Found Bieti's Book Emporium.
  6798 | D:7      | Reached skill level 8 in Axes
  7537 | D:7      | Found a shattered altar of Ashenzari.
  7721 | D:7      | Found Lekkum's Weapon Shoppe.
  7786 | D:7      | Found a stormy altar of Qazlal.
  7991 | D:8      | Noticed a hippogriff
  7995 | D:8      | Killed a hippogriff
  7995 | D:8      | Reached skill level 9 in Axes
  8327 | D:8      | Gained mutation: A demonic guardian rushes to your aid.
                  | [demonic ancestry]
  8327 | D:8      | Reached XP level 9. HP: 42/65 MP: 9/9
  8548 | D:8      | Noticed Psyche
  8552 | D:8      | Killed Psyche
  8680 | D:8      | Found a shimmering blue altar of Sif Muna.
  8973 | D:8      | Reached skill level 10 in Axes
  9180 | D:9      | Found Quxzeoq's Antique Weapon Emporium.
  9299 | D:9      | Found a staircase to the Lair.
  9342 | D:9      | You fall into a shaft and drop 2 floors!
  9384 | D:11     | Noticed a death knight
  9389 | D:11     | Noticed a troll
  9397 | D:11     | Mangled by a death knight

Illustrated notes

Levels and vault maps discovered:
D:1:      mrwooster_arrival_statue_2, layout_rooms, wad_floor_pattern_2
D:2:      layout_loops_ring, grunt_temple_overflow_open, supply_closet_lemuel
D:3:      layout_rooms, chequers_ecumenical_altar_simple, uniq_jessica
D:4:      layout_loops_cross, kennysheep_mini_moat
D:5:      layout_rooms
D:6:      layout_loops_corners, grunt_temple_overflow_diamond,
          minmay_temple_entry_glass, serial_shops, shop, shop,
          nicolae_shop_crystal, shop, wad_floor_pattern_1, elyvilon_altar_4
D:7:      layout_basic, nicolae_overflow_hidden_temple, serial_shops, shop,
          shop, shop_fountains, basic_altar, kennysheep_cross_room
D:8:      layout_loops_ring, lemuel_blue_sif_altar,
          chequers_serial_rivers_room_a, grunt_decor_fettered,
          minmay_starry_boxes, uniq_psyche
D:9:      layout_roguey, minitemple, lair_entry_dummy, serial_shops, shop
D:11:     minmay_the_grid_four_pointed_star_mashed
          [minmay_the_grid_triangle_9x9_negative_grid,
          minmay_the_grid_triangle_9x9_warning,
          minmay_the_grid_triangle_9x9_from_above,
          minmay_the_grid_triangle_9x9_tough_junction,
          minmay_the_grid_prize_diamond_cup], layout_basic, serial_shops, shop
Temple:   zaba_magenta_temple

Skill      XL: |  1  2  3  4  5  6  7  8  9 |
---------------+----------------------------+-----
Dodging        | 3 4 |  4.4
Axes           | 3 4 5 6 7 9 10 | 10.7
Armour         | 1 2 3 |  3.3
Throwing       | 2 3 |  3.5
Fighting       | 3 4 |  4.6

Action                   |  1- 3 |  4- 6 |  7- 9 || total
-------------------------+-------+-------+-------++-------
Melee: War axe           |   126 |   143 |   222 ||   491
       Battleaxe         |       |       |    82 ||    82
Throw: Throwing net      |     3 |       |       ||     3
       Boomerang         |       |    21 |    57 ||    78
  Use: Scroll            |     8 |     2 |     9 ||    19
       Potion            |       |       |     3 ||     3
 Stab: Sleeping          |       |       |     1 ||     1
       Distracted        |       |       |     1 ||     1
Armor: Leather armour    |    50 |    53 |   133 ||   236
       Ring mail         |       |       |    19 ||    19
Dodge: Dodged            |   104 |   111 |   223 ||   438

Table legend: (Time is in decaauts)
 A = Elapsed time spent in this place.
 B = Non-inter-level travel time spent in this place.
 C = Inter-level travel time spent in this place.
 D = Time resting spent in this place.
 E = Time spent auto-exploring this place.
 F = Levels seen in this place.
 G = Mean time per level.
                   A        B        C        D        E       F      G
               +--------+--------+--------+--------+--------+-----+--------+
         Total |   9538 |   9164 |    374 |    886 |   6937 |  11 |  867.1 |
       Dungeon |   9461 |   9087 |    374 |    886 |   6880 |  10 |  946.1 |
        Temple |     76 |     76 |      0 |      0 |     57 |   1 |   76.0 |
               +--------+--------+--------+--------+--------+-----+--------+

Top non-repeatable levels by time:
     D:7: 1873 daAuts
     D:4: 1369 daAuts
     D:8: 1326 daAuts
     D:3: 1053 daAuts
     D:6: 1034 daAuts
     D:2: 1032 daAuts
     D:1: 1006 daAuts
     D:5: 545 daAuts
     D:9: 163 daAuts
  Temple: 76 daAuts
    D:11: 57 daAuts
